 Dungeon Crawl Stone Soup version 0.20-a0-788-g5cc1a67 (webtiles) character file.

72 M4edhros the Sneak (level 4, 0/29 HPs)
             Began as an Octopode Artificer on Feb 28, 2017.
             Succumbed to an adder's poison
             ... on level 2 of the Dungeon.
             The game lasted 00:01:13 (1143 turns).

M4edhros the Sneak (Octopode Artificer)             Turns: 1143, Time: 00:01:14

Health: 0/29       AC:  1    Str:  9 (11) XL:     4   Next: 25%
Magic:  6/6        EV:  9    Int: 11 (13) God:
Gold:   82         SH: 10    Dex: 11 (13) Spells: 3/3 levels left

rFire    . . .     SeeInvis .   a - +1 short sword
rCold    . . .     Gourm    .   j - +0 large shield
rNeg     . . .     Faith    .   (helmet restricted)
rPois    .         Spirit   .   (no amulet)
rElec    .         Reflect  .   (no ring)
rCorr    .         Harm     .   (no ring)
MR       .....                  (no ring)
Stlth    +++.......             (no ring)
Regen    0.1/turn               (no ring)
MPRegen  0.1/turn               (no ring)
                                (no ring)
                                (no ring)

@: lethally poisoned (0 -> -3)
A: almost no armour, stealthy swim, amphibious, 8 rings, constrict 8, camouflage
1, gelatinous body 1
a: no special abilities


You were on level 2 of the Dungeon.
You were hungry.

You visited 1 branch of the dungeon, and saw 2 of its levels.

You collected 82 gold pieces.

Inventory:

Hand Weapons
 a - a +1 short sword (weapon)
 l - a +0 hunting sling
Armour
 j - a +0 large shield (worn)
Jewellery
 e - an uncursed ring of protection from fire {unknown}
 h - an uncursed amulet of harm {unknown}
Wands
 b - a wand of flame (15/48)
 c - a wand of enslavement (12/24)
 d - a wand of random effects (15/48)
Comestibles
 f - 2 bread rations
 k - a royal jelly


   Skills:
 + Level 2.1 Fighting
 - Level 1.0 Short Blades
 + Level 2.4 Dodging
 + Level 3.5 Stealth
 + Level 1.5 Shields
 - Level 3.2 Evocations


You had 3 spell levels left.
You didn't know any spells.

Dungeon Overview and Level Annotations

Branches:
Dungeon (2/15)

Altars:


Innate Abilities, Weirdness & Mutations

You cannot wear most types of armour.
You are very stealthy in the water. (Stealth+)
You are amphibious.
You can wear up to eight rings at the same time.
You can use your tentacles to constrict eight enemies at once.
Your skin changes colour to match your surroundings (Stealth+).
Your rubbery body absorbs attacks. (AC +1, EV +1)


Message History

Evoke which item? (* to show all) (? for menu, Esc to quit)
Aiming: Enslavement
Press: ? - help, Shift-Dir - straight line, f - adder
Aim: an adder (moderately wounded, chance to defeat MR: 64%)
The adder is charmed.
This wand has 12 charges left.
* * * LOW HITPOINT WARNING * * *
You feel sick.
You swap places.
Items here: )))) [[ †††
Okay, then.
You aren't carrying any potions.
You aren't carrying any spellbooks or scrolls.
Unknown command.
You see here a club.
* * * LOW HITPOINT WARNING * * *
You feel sick.
Unknown command.
Things that are here:
a dagger; a goblin corpse You die...

##...#.#..#.# #.#
.##..##.#..#.# #)#
..... ..#..#.# #.#
.............# #.#
..#..##.#..#.# #.#
........#..#.###.#
..............##.#
...........# # #.#
#[ #@.#.#.# #.#
..#..##..#...# #.#
.......S...# #.#
..#####.)###.###.#
.......)).....##.#
........)#######.#
#.#####......†...#
##.#######.# ###
###


You could see a friendly adder.

Vanquished Creatures
  3 adders (D:2)
  3 dart slugs (D:2)
  2 leopard geckos
  3 bats
  A giant cockroach (D:1)
  11 goblins
  7 hobgoblins
  A ball python (D:2)
  2 kobolds (D:1)
  2 rats (D:1)
35 creatures vanquished.

Vanquished Creatures (collateral kills)
  A goblin (D:2)
1 creature vanquished.

Vanquished Creatures (others)
  Robin (D:2)
1 creature vanquished.

Grand Total: 37 creatures vanquished

Notes
Turn   | Place    | Note
-------+----------+-------------------------------------------
     0 | D:1      | M4edhros the Octopode Artificer began the quest for the Orb.
     0 | D:1      | Reached XP level 1. HP: 13/13 MP: 3/3
   210 | D:1      | Reached XP level 2. HP: 18/18 MP: 4/4
   714 | D:2      | Reached skill level 1 in Shields
   714 | D:2      | Reached XP level 3. HP: 23/23 MP: 5/5
  1032 | D:2      | Noticed Robin
  1103 | D:2      | Reached XP level 4. HP: 12/29 MP: 6/6
  1113 | D:2      | Your ally died
  1137 | D:2      | HP: 1/29 [poisoned by an adder]
  1143 | D:2      | Succumbed to an adder's poison

Vault maps used:
D:1:      dpeg_arrival_castle, minivault_24
D:2:      kb_forest_paths, first_bread, wad_floor_pattern_untrapped, uniq_robin,
          uniq_terence

Skill      XL: |  1  2  3 |
---------------+----------+-----
Stealth        | 2 3 |  3.5
Shields        | 1 |  1.5
Fighting       | 2 |  2.1
Short Blades   | |  1.0
Dodging        | |  2.4
Evocations     | |  3.2

Action                   |  1- 3 |  4- 6 || total
-------------------------+-------+-------++-------
Melee: Short sword       |    56 |    21 ||    77
       Constrict         |    15 |       ||    15
       Tentacles         |     9 |       ||     9
Evoke: Wand              |       |     3 ||     3
  Use: Scroll            |     1 |       ||     1
       Potion            |       |     3 ||     3
 Stab: Sleeping          |     7 |       ||     7
Armor: Skin              |     2 |    26 ||    28
Dodge: Dodged            |    27 |       ||    27
Block: Large shield      |    16 |    19 ||    35
